Cogmind - Beta 15 @@@ ROGUE MODE // 2025.06.17 @ 16:37:56 Player: Ilbko Result: Self-destructed Performance ------------- Evolutions (2) 1000 Regions Visited (7) 1400 Robots Destroyed (47) 235 Value Destroyed (932) 932 Prototype IDs (25) 500 Alien Tech Used (0) 0 Bonus (342) 342 TOTAL SCORE: 4409 Bonus ------- Follower Combat Kills 42 Aligned with FarCom 300 Cogmind --------- Core Integrity 431/550 Matter 300/300 Energy 140/140 System Corruption 0% Temperature Cool (0) Movement Flying (280) Ox3 Location -8/Materials Parts ------- > --- POWER (1) -------- Light Deuterium Engine > --- PROPULSION (3) --- Flight Unit > --- UTILITY (5) ------ Visual Processing Unit Improved Signal Interpreter Hacking Suite System Shield > --- WEAPON (2) ------- Field Lobotomy Kit Axe > --- INVENTORY (5) ---- Light Ion Engine Ion Cannon Light Assault Rifle Datajack Remote Datajack Peak State ------------ > --- POWER ------------ Light Deuterium Engine > --- PROPULSION ------- Flight Unit Flight Unit Flight Unit > --- UTILITY ---------- Visual Processing Unit Improved Signal Interpreter Hacking Suite System Shield > --- WEAPON ----------- Field Lobotomy Kit Axe > --- INVENTORY -------- Light Ion Engine Ion Cannon Light Assault Rifle Datajack Remote Datajack [Rating: 31] Favorites ----------- Power Light Ion Engine Engine Light Ion Engine Propulsion Light Treads Treads Light Treads Wheel Wheel Flight Unit Flight Unit Utility Small Storage Unit Device Heat Sink Storage Small Storage Unit Processor Improved Signal Interpreter Hackware Hacking Suite Protection Light Armor Plating Weapon Light Assault Rifle Energy Gun EM Pulse Gun Energy Cannon EM Pulse Cannon Ballistic Gun Light Assault Rifle Special Weapon Mining Laser Slashing Weapon Axe Special Melee Weapon Datajack Build | -11 -10 -10 -9 -9 -9 -8 -8 ------- Run | Yrd Mat Min Mat Min Exi Min Mat Slots Evolved 4 | . . . 2 . . . 2 Power . | . . . . . . . . Propulsion 1 | . . . 1 . . . . Utility 3 | . . . 1 . . . 2 Weapon . | . . . . . . . . Parts Attached 48 | 7 11 . 12 . 1 1 16 Power 5 | 1 1 . 2 . . . 1 Engine 5 | 1 1 . 2 . . . 1 Core . | . . . . . . . . Reactor . | . . . . . . . . Propulsion 14 | 2 2 . 2 . 1 . 7 Treads 2 | 2 . . . . . . . Leg . | . . . . . . . . Wheel 5 | . 2 . 2 . 1 . . Hover . | . . . . . . . . Flight 7 | . . . . . . . 7 Utility 12 | 1 4 . 4 . . . 3 Device 2 | . 2 . . . . . . Storage 3 | 1 1 . 1 . . . . Processor 2 | . . . 1 . . . 1 Hackware 2 | . . . 1 . . . 1 Protection 3 | . 1 . 1 . . . 1 Artifact . | . . . . . . . . Weapon 17 | 3 4 . 4 . . 1 5 Energy Gun 5 | 2 . . 3 . . . . Energy Cannon 2 | . . . 1 . . . 1 Ballistic Gun 4 | 1 2 . . . . . 1 Ballistic Cannon . | . . . . . . . . Launcher . | . . . . . . . . Special Weapon 3 | . 2 . . . . . 1 Impact Weapon . | . . . . . . . . Slashing Weapon 1 | . . . . . . . 1 Piercing Weapon . | . . . . . . . . Special Melee Weapon 2 | . . . . . . 1 1 Unidentified Prototypes 2 | . . . 2 . . . . Parts Lost 19 | . 7 . 6 . . . 6 Power 2 | . 1 . 1 . . . . Propulsion 8 | . 2 . 1 . . . 5 Utility 2 | . . . 1 . . . 1 Weapon 7 | . 4 . 3 . . . . Highest Loss Streak 4 | . 4 . 3 . . . 2 To Critical Strikes . | . . . . . . . . Average Backups 5 | 3 4 7 7 8 7 7 5 Power . | . . . 1 2 2 2 1 Propulsion 1 | 1 3 3 2 2 1 1 . Utility . | . . 3 1 . . . . Weapon 1 | . . . 1 3 2 3 1 Tool/Special . | . . . . . . . . Unused Backups 5 | . . . . . 1 . 4 Power 1 | . . . . . . . 1 Propulsion 1 | . . . . . . . 1 Utility 1 | . . . . . 1 . . Weapon 1 | . . . . . . . 1 Tool/Special 1 | . . . . . . . 1 Average Slot Usage (%) 89 | . 84 100 85 88 94 100 90 Engine 11 | . 13 14 10 11 11 11 9 Treads 6 | . 21 . . . . . . Wheel 10 | . 2 28 21 22 27 33 2 Flight 7 | . . . . . . . 24 Storage 11 | . 22 14 11 11 11 11 . Processor 5 | . . . 1 11 11 11 12 Hackware 9 | . . . 10 11 11 11 17 Protection 4 | . . 14 8 . . . 6 Energy Gun 5 | . 4 . 9 11 11 11 1 Ballistic Gun 11 | . 13 28 11 11 11 7 8 Slashing Weapon 1 | . . . . . . . 4 Special Melee Weapon 1 | . . . . . . 3 4 Peak Build Rating 31 | 6 7 7 18 17 18 18 31 Average Rating 11 | 5 5 7 12 17 17 18 20 On Entrance 11 | . 6 7 7 17 17 18 18 Naked Turns . | . . . . . . . . Heaviest Build 20 | 12 15 13 20 17 17 17 17 Greatest Support 40 | 40 40 26 26 20 30 30 30 Greatest Overweight (x) 4 | . 4 . 1 . . . 2 Average Overweight (x) . | . . . . . . . . Largest Inventory Capacity 8 | 8 8 8 8 8 8 8 8 Average Capacity 7 | 7 8 8 7 8 8 8 5 Most Carried 8 | 4 7 8 8 8 8 8 8 Average Carried 5 | 3 4 7 7 8 7 7 5 Final Capacity 8 | 8 8 8 8 8 8 8 5 Final Carried 8 | 4 7 8 8 8 8 7 5 Class Distribution -------------------- 59% | Mutant 38% | Scavenger-Mutant Dominant Class ---------------- Mutant | -10/Materials Mutant | -10/Mines Scavenger-Mutant | -9/Materials Mutant | -9/Mines Scavenger-Mutant | -9/Exiles Scavenger-Mutant | -8/Mines Scavenger-Mutant | -8/Materials Resources | -11 -10 -10 -9 -9 -9 -8 -8 ----------- Run | Yrd Mat Min Mat Min Exi Min Mat Matter Collected 1145 | 257 299 10 261 . . 10 308 Remotely 124 | . 60 . 64 . . . . Salvage Created 1274 | . 501 . 568 . . . 205 Parts 112 | . 46 . 48 . . . 18 Haulers Intercepted . | . . . . . . . . Recyclers Shooed . | . . . . . . . . Parts Field Recycled . | . . . . . . . . Retrieved Matter . | . . . . . . . . Parts Self-Destructed . | . . . . . . . . Prevented . | . . . . . . . . Kills | -11 -10 -10 -9 -9 -9 -8 -8 ------- Run | Yrd Mat Min Mat Min Exi Min Mat Combat Hostiles Destroyed 40 | . 14 . 17 . . . 9 Melee 1 | . . . . . . . 1 Guns 38 | . 13 . 17 . . . 8 Classes Destroyed 7 | . 4 . 3 . . . . Worker 1 | . . . 1 . . . . Builder 2 | . 2 . . . . . . Operator 1 | . . . 1 . . . . Watcher 3 | . 1 . 1 . . . 1 Swarmer 25 | . 6 . 11 . . . 8 Grunt 10 | . 8 . 2 . . . . Sentry 5 | . . . 4 . . . 1 Best Kill Streak 6 | . 3 . 6 . . . 6 Combat Bots Only 6 | . 3 . 5 . . . 6 Max Kills in Single Turn 2 | . 1 . 2 . . . 1 Gunslinging 1 | . . . 1 . . . . Exploded . | . . . . . . . . Melee 1 | . . . . . . . 1 Uniques/NPCs Destroyed . | . . . . . . . . Combat | -11 -10 -10 -9 -9 -9 -8 -8 -------- Run | Yrd Mat Min Mat Min Exi Min Mat Hostile Shots Fired 275 | . 101 1 92 . . . 81 Missed 79 | . 22 1 26 . . . 30 Hits 196 | . 79 . 66 . . . 51 Projectile 196 | . 79 . 66 . . . 51 Critical Strikes 2 | . . . 1 . . . 1 Damage Taken 2006 | . 786 1 719 . . . 500 Core 426 | . 158 1 148 . . . 119 Absorbed by Shields . | . . . . . . . . Regen/Repaired (Parts) 15 | . . . 15 . . . . Core Remaining (%) 66 | 100 . 36 . . . 63 . Volleys Fired 163 | . 83 . 53 . . . 27 Largest 2 | . 2 . 2 . . . 2 Hottest 100 | . 100 . 76 . . . 76 Shots Fired 228 | . 97 . 97 . . . 34 Gun 219 | . 92 . 97 . . . 30 Cannon . | . . . . . . . . Launcher . | . . . . . . . . Special 9 | . 5 . . . . . 4 Kinetic 136 | . 66 . 47 . . . 23 Thermal 15 | . 5 . 3 . . . 7 Explosive . | . . . . . . . . Electromagnetic 73 | . 26 . 47 . . . . Robot Hit Streak 23 | . 9 . 23 . . . 9 Robot Miss Streak 4 | . 4 . 4 . . . 2 Penetration Max . | . . . . . . . . Secondary Targets 4 | . . . 3 . . . 1 Max Gunslinging Chain 1 | . . . 1 . . . 1 Shots Hit Robots 166 | . 60 . 75 . . 2 29 Core Hits 72 | . 24 . 37 . . . 11 Critical Kills . | . . . . . . . . Critical Parts Destroyed . | . . . . . . . . Critical Strikes . | . . . . . . . . Melee Attacks 9 | . . . . . . 2 7 Impact . | . . . . . . . . Slashing 3 | . . . . . . . 3 Piercing . | . . . . . . . . Sneak Attacks 7 | . . . . . . 2 5 Combat Hostiles 1 | . . . . . . . 1 Follow-up Attacks . | . . . . . . . . Damage Inflicted 2007 | . 812 3 894 . . . 298 Guns 1803 | . 747 . 878 . . . 178 Cannons . | . . . . . . . . Explosions 59 | . 59 . . . . . . Melee 120 | . . . . . . . 120 Ramming 25 | . 6 3 16 . . . . Kinetic 887 | . 495 . 267 . . . 125 Thermal 164 | . 59 . 52 . . . 53 Explosive . | . . . . . . . . Electromagnetic 811 | . 252 . 559 . . . . Impact . | . . . . . . . . Slashing 120 | . . . . . . . 120 Piercing . | . . . . . . . . Highest Corruption . | . . . . . . . . Average Corruption . | . . . . . . . . Corruption Purged . | . . . . . . . . Corruption Blocked . | . . . . . . . . Overload Shots . | . . . . . . . . Overflow Damage 28 | . . . . . . . 28 Projectiles . | . . . . . . . . Explosions . | . . . . . . . . Melee 28 | . . . . . . . 28 Knockbacks . | . . . . . . . . Impact . | . . . . . . . . Kinetic . | . . . . . . . . Secondary . | . . . . . . . . Self-Inflicted Damage 9 | . . 1 8 . . . . Shots . | . . . . . . . . Rammed 6 | . 3 1 2 . . . . Targets Rammed 6 | . 3 1 2 . . . . Kicked . | . . . . . . . . Crushed . | . . . . . . . . Highest Temperature 147 | . 94 . 147 . . . 55 Average Temperature 36 | . 30 . 42 . . . 16 Received Heat Transfer 528 | . 261 . 159 . . . 108 Siege Activations . | . . . . . . . . Martial Activations . | . . . . . . . . Shielding Activations . | . . . . . . . . Robots Disrupted . | . . . . . . . . Combat Hostiles . | . . . . . . . . Robots Corrupted 1 | . 1 . . . . . . Combat Hostiles 1 | . 1 . . . . . . Parts Fried 2 | . 1 . 1 . . . . Impact Corruptions . | . . . . . . . . Robots Melted . | . . . . . . . . Combat Hostiles . | . . . . . . . . Parts Melted 1 | . . . . . . . 1 Heat Transferred 322 | . 100 . 111 . . . 111 Parts Sabotaged . | . . . . . . . . Parts Stolen . | . . . . . . . . Parts Stripped . | . . . . . . . . Power Chain Reactions 1 | . 1 . . . . . . Alert | -11 -10 -10 -9 -9 -9 -8 -8 ------- Run | Yrd Mat Min Mat Min Exi Min Mat Maximum Alert Level 1 | . . . . . . . 1 Low Security (%) 97 | 100 100 100 100 100 . 100 92 Level 1 2 | . . . . . . . 7 Level 2 . | . . . . . . . . Level 3 . | . . . . . . . . Level 4 . | . . . . . . . . Level 5 . | . . . . . . . . High Security . | . . . . . . . . Max Security . | . . . . . . . . Peak Influence 224 | . 100 30 176 52 . . 224 Initial 52 | . . 14 7 52 . . . Average 50 | . 23 4 72 46 . . 113 Influence Increases 1901 | . 381 30 497 . . . 993 Destroy 0b10 Robot/C 840 | . 280 . 340 . . . 220 Destroy 0b10 Robot/NC 35 | . 15 . 15 . . . 5 Destroy Leader 196 | . 62 . 82 . . . 52 Allied During Kill 5 | . . . . . . . 5 Successful Hack 21 | . . . . . . . 21 Disable Machine 30 | . 15 . . . . . 15 Destroy Structure 9 | . 9 . . . . . . Partial Spotted 120 | . . . . . . . 120 Lose Combat Pursuer 645 | . . 30 60 . . . 555 Influence Decreases 1701 | . 343 48 383 92 42 . 793 Entered New Map 161 | . . 24 13 82 42 . . Time Decay 1089 | . 283 24 310 10 . . 462 Lost Part 170 | . 60 . 60 . . . 50 Lost Ally 80 | . . . . . . . 80 Purge Threat 201 | . . . . . . . 201 Squads Dispatched 14 | . 3 . 2 . . . 9 Investigation 7 | . 2 . 2 . . . 3 Extermination . | . . . . . . . . Reinforcement 4 | . 1 . . . . . 3 Assault . | . . . . . . . . Garrison 3 | . . . . . . . 3 Intercept . | . . . . . . . . Searches Triggered . | . . . . . . . . Construction Impeded . | . . . . . . . . Haulers Reinforced . | . . . . . . . . Active Scanning Responses . | . . . . . . . . Cargo Convoy Interrupts . | . . . . . . . . Stealth | -11 -10 -10 -9 -9 -9 -8 -8 --------- Run | Yrd Mat Min Mat Min Exi Min Mat Distress Signals 9 | . 1 . 3 . . . 5 Communications Jammed . | . . . . . . . . Distress Signals . | . . . . . . . . Times Spotted 109 | . 21 2 25 . . . 61 Peak Tracking Total 12 | . 4 2 5 . . . 12 Tactical Retreats 17 | . . 1 3 . . . 13 Traps | -11 -10 -10 -9 -9 -9 -8 -8 ------- Run | Yrd Mat Min Mat Min Exi Min Mat Traps Triggered 6 | . 2 . 1 . . . 3 Indirectly . | . . . . . . . . Trap Hack Attempts . | . . . . . . . . Triggered . | . . . . . . . . Disarmed . | . . . . . . . . Reprogrammed . | . . . . . . . . Reused . | . . . . . . . . Traps Extracted . | . . . . . . . . Installed . | . . . . . . . . Triggered . | . . . . . . . . Machines | -11 -10 -10 -9 -9 -9 -8 -8 ---------- Run | Yrd Mat Min Mat Min Exi Min Mat Machines Disabled 2 | . 1 . . . . . 1 Max in Single Turn 1 | . 1 . . . . . . Garrison Access 1 | . . . . . . . 1 Machines Repaired . | . . . . . . . . Machines Dismantled . | . . . . . . . . Machines Sabotaged . | . . . . . . . . Overloaded Fab Kills . | . . . . . . . . Hacking | -11 -10 -10 -9 -9 -9 -8 -8 --------- Run | Yrd Mat Min Mat Min Exi Min Mat Machines Accessed 23 | . 5 . 9 . 2 . 7 Terminals 16 | . 3 . 7 . . . 6 Fabricators . | . . . . . . . . Repair Stations 1 | . . . 1 . . . . Recycling Units 3 | . 2 . 1 . . . . Scanalyzers . | . . . . . . . . Garrison Access 1 | . . . . . . . 1 Total Hacks 59 | . 7 . 25 . 5 . 22 Successful 29 | . 2 . 13 . 5 . 9 Failed 30 | . 5 . 12 . . . 13 Catastrophic 6 | . 2 . 2 . . . 2 Database Lockouts . | . . . . . . . . Manual 28 | . 5 . 10 . 1 . 12 Terminals 43 | . 5 . 17 . . . 21 Fabricators . | . . . . . . . . Repair Stations 4 | . . . 4 . . . . Recycling Units 6 | . 2 . 4 . . . . Scanalyzers . | . . . . . . . . Garrison Access 1 | . . . . . . . 1 Terminal Hacks 21 | . . . 8 . 5 . 8 Record 8 | . . . 3 . 4 . 1 Robot Analysis 2 | . . . 2 . . . . Level Access Points 1 | . . . . . . . 1 Branch Access Points 2 | . . . 1 . . . 1 Unreport Threat 2 | . . . . . . . 2 Investigation Status 1 | . . . 1 . . . . Recall Investigation 2 | . . . 1 . . . 1 Registered Prototypes 1 | . . . . . . . 1 Zone Layout 1 | . . . . . . . 1 Proto ID Catalog 1 | . . . . . 1 . . Fabricator Hacks . | . . . . . . . . Repair Station Hacks 3 | . . . 3 . . . . Scan Component 2 | . . . 2 . . . . Repair 1 | . . . 1 . . . . Recycling Unit Hacks 4 | . 2 . 2 . . . . Report Inventory 3 | . 2 . 1 . . . . Retrieve Components 1 | . . . 1 . . . . Scanalyzer . | . . . . . . . . Garrison Access Hacks 1 | . . . . . . . 1 Seal Access 1 | . . . . . . . 1 Unauthorized Hacks . | . . . . . . . . Terminals . | . . . . . . . . Fabricators . | . . . . . . . . Repair Stations . | . . . . . . . . Recycling Units . | . . . . . . . . Scanalyzers . | . . . . . . . . Garrison Access . | . . . . . . . . Data Cores Recovered 1 | . . . 1 . . . . Used . | . . . . . . . . Hacking Detections 12 | . 1 . 7 . . . 4 Full Trace Events 5 | . . . 2 . . . 3 Feedback Events . | . . . . . . . . Feedback Blocked . | . . . . . . . . Robot Schematics Acquired . | . . . . . . . . Robots Built . | . . . . . . . . Authchips . | . . . . . . . . Time . | . . . . . . . . Total Robot Build Rating . | . . . . . . . . Part Schematics Acquired . | . . . . . . . . Parts Built . | . . . . . . . . Authchips . | . . . . . . . . Time . | . . . . . . . . Total Part Build Rating . | . . . . . . . . Parts Repaired 1 | . . . 1 . . . . Time 32 | . . . 32 . . . . Parts Recycled . | . . . . . . . . Recycled Matter . | . . . . . . . . Retrieved Matter . | . . . . . . . . Retrieved Components 10 | . . . 10 . . . . Parts Scanalyzed . | . . . . . . . . Part Schematics Acquired . | . . . . . . . . Parts Damaged . | . . . . . . . . Bothacking | -11 -10 -10 -9 -9 -9 -8 -8 ------------ Run | Yrd Mat Min Mat Min Exi Min Mat Used RIF Installer . | . . . . . . . . Robots Hacked 3 | . . . . . . 1 2 Non-combat 2 | . . . . . . 1 1 Combat 1 | . . . . . . . 1 Robot Hacks Applied 4 | . . . . . . 1 3 parse_system 2 | . . . . . . 1 1 no_distress 1 | . . . . . . . 1 find_recycling 1 | . . . . . . . 1 Relay Couplers Released . | . . . . . . . . Fabnet Peak Effective % . | . . . . . . . . Robots Rewired . | . . . . . . . . Allies Hacked . | . . . . . . . . Hacks Repelled . | . . . . . . . . Allies | -11 -10 -10 -9 -9 -9 -8 -8 -------- Run | Yrd Mat Min Mat Min Exi Min Mat Total Allies 4 | . . . . . . . 4 Largest Group 2 | . . . . . . . 2 Highest-Rated Group 31 | . . . . . . . 31 Highest-Rated Ally 16 | . . . . . . . 16 Total Orders . | . . . . . . . . Ally Attacks 11 | . . . . . . . 11 Total Damage 180 | . . . . . . . 180 Kills 2 | . . . . . . . 2 Allies Corrupted . | . . . . . . . . Allies Melted . | . . . . . . . . Field Lobotomies 4 | . . . . . . . 4 Intel | -11 -10 -10 -9 -9 -9 -8 -8 ------- Run | Yrd Mat Min Mat Min Exi Min Mat Active Infowar (turns) 512 | . . . . . . . 512 Optics 512 | . . . . . . . 512 Robot Analysis Total 2 | . . . 2 . . . . Derelict Logs Recovered 2 | . . 1 . 1 . . . Drone Launches . | . . . . . . . . Drone Recoveries . | . . . . . . . . Exploration | -11 -10 -10 -9 -9 -9 -8 -8 ------------- Run | Yrd Mat Min Mat Min Exi Min Mat Turns Passed 5212 | 1041 1297 214 842 39 261 146 1372 Spaces Moved 3704 | 346 649 200 656 49 318 176 1310 Core 69 | 12 57 . . . . . . Treads 827 | 334 493 . . . . . . Legs . | . . . . . . . . Wheels 1610 | . 99 200 656 49 318 176 112 Hover . | . . . . . . . . Flight 1198 | . . . . . . . 1198 Fastest Speed 34 | 50 90 90 80 80 80 80 34 Average Speed 87 | 156 157 90 84 80 80 80 39 Slowest Speed 250 | 160 250 90 95 80 80 80 200 Overloaded Moves . | . . . . . . . . Propulsion Burnouts . | . . . . . . . . Robots Hopped 3 | . . . . . . . 3 Potential Cave-ins . | . . . . . . . . Cave-ins Triggered . | . . . . . . . . Exploration Rate (%) 47 | 36 79 33 45 18 65 57 48 Regions Visited 7 Branch Regions 4 Pre-discovered Areas 3 | . . 1 . 1 1 . . Known Exits Taken 4 | . . . 1 1 1 1 . Unknown Exits Taken 3 | 1 1 1 . . . . . Scrap Searched 2 | . . 1 . . . 1 . Spaces Dug 5 | . 5 . . . . . . Terrain Destroyed 8 | . 8 . . . . . . Melee . | . . . . . . . . Projectile 5 | . 5 . . . . . . AOE 3 | . 3 . . . . . . Terrain Rammed . | . . . . . . . . Walls Destroyed . | . . . . . . . . Machines Disabled . | . . . . . . . . Actions | -11 -10 -10 -9 -9 -9 -8 -8 --------- Run | Yrd Mat Min Mat Min Exi Min Mat Total 5420 | 843 815 233 856 48 325 179 2121 Wait 1404 | 487 55 32 96 . . . 734 Move 3691 | 345 648 199 655 48 317 175 1304 Hop 3 | . . . . . . . 3 Pick Up 42 | 4 11 1 15 . 4 . 7 Fast Attach 20 | 6 . . 3 . . . 11 Attach 23 | . 9 . 10 . 1 . 3 Detach 4 | . 1 . 3 . . . . Swap 33 | 1 5 . 11 . . 1 15 Drop 22 | . . . 8 . 3 1 10 Fire 163 | . 83 . 53 . . . 27 Melee 9 | . . . . . . 2 7 Ram 3 | . . 1 2 . . . . Kick . | . . . . . . . . Crush 3 | . 3 . . . . . . Escape Stasis . | . . . . . . . . Rewire . | . . . . . . . . Trap . | . . . . . . . . Miscellaneous . | . . . . . . . . Route ------- -11/Scrapyard -10/Materials (discovered 3 exits: *Mat x2 / [*Min]) -10/Mines -9/Materials (discovered 2 exits: *Mat / *Min) -9/Mines -9/Exiles (discovered 2 exits: *Min x2) -8/Mines (discovered 2 exits: *Mat x2) -8/Materials (discovered 3 exits: *Fac x3) History --------- Turn | Location | Event 4 | -11/Scrapyard | Discovered new exit (range 15) 1042 | -11/Scrapyard | Entered Materials 1043 | -10/Materials | Build established: Mutant 1374 | -10/Materials | Lost 3 parts (1p2w) 1385 | -10/Materials | Discovered new exit (range 5) 1745 | -10/Materials | Discovered new exit (range 15) 2059 | -10/Materials | Core integrity fell below 50% 2126 | -10/Materials | Lost 4 parts (2n2w) 2248 | -10/Materials | Discovered new exit (range 12) 2339 | -10/Materials | Entered Mines 2386 | -10/Mines | Learned Materials garrison access intel 2433 | -10/Mines | Discovered new exit (range 6) 2435 | -10/Mines | Learned location of Storage (-7) 2553 | -10/Mines | Entered Materials 2553 | -9/Materials | Evolved 2 slots: Propulsion x1, Utility x1 2576 | -9/Materials | Identified exit to Mines 2889 | -9/Materials | Repaired EM Shotgun 3023 | -9/Materials | Discovered new exit (range 12) 3095 | -9/Materials | Build established: Scavenger-Mutant 3153 | -9/Materials | Lost 3 parts (1n2w) 3395 | -9/Materials | Entered Mines 3400 | -9/Mines | Met a Derelict bent on vengeance 3408 | -9/Mines | Learned location of Recycling (-7) 3431 | -9/Mines | Deemed a non-threat by the Exiles lab entrance 3431 | -9/Mines | Discovered new exit (range 5) 3433 | -9/Mines | Identified exit to Exiles 3434 | -9/Mines | Entered Exiles 3450 | -9/Exiles | Discovered new exit (range 15) 3467 | -9/Exiles | Met 8R-AWN 3480 | -9/Exiles | Met EX-HEX 3519 | -9/Exiles | Met EX-BIN 3530 | -9/Exiles | Aligned with FarCom system 3531 | -9/Exiles | Given EX-Vault access code 3551 | -9/Exiles | Opened EX-Vault 3560 | -9/Exiles | Found Field Lobotomy Kit 3578 | -9/Exiles | Warned to stay clear of 0b10 Research branches 3599 | -9/Exiles | Met EX-DEC 3615 | -9/Exiles | Learned location of Zion (-6) 3682 | -9/Exiles | Discovered new exit (range 11) 3689 | -9/Exiles | Identified exit to Mines 3695 | -9/Exiles | Left Exiles lab with Field Lobotomy Kit 3695 | -9/Exiles | Entered Mines 3703 | -8/Mines | Discovered new exit (range 12) 3793 | -8/Mines | Discovered new exit (range 14) 3839 | -8/Mines | Identified exit to Materials 3841 | -8/Mines | Entered Materials 3841 | -8/Materials | Evolved 2 slots: Utility x2 3842 | -8/Materials | Loaded intel: 1 garrison access location 3938 | -8/Materials | Garrison activated, responded to threat 4112 | -8/Materials | Assimilated Y-45 Defender with FLK Orb 4139 | -8/Materials | Assimilated G-47 Trooper with FLK Orb 4142 | -8/Materials | Assimilated Y-45 Defender with FLK Orb 4154 | -8/Materials | Assimilated Y-45 Defender with FLK Orb 4215 | -8/Materials | Lost 4 allies 5013 | -8/Materials | Identified exit to Factory 5213 | -8/Materials | Self-destructed Last Messages --------------- SECURING TERMINAL." 05134_ Triggered Alarm Trap. 05134_ An alarm sounds. 05134_ ALERT: Alarm triggered, dispatching investigation squad. 05135_ Penetrated by Slug. 05136_ ALERT: Hostiles spotted, dispatching reinforcements to Terminal M004. 05151_ Slug penetrates Wall. 05154_ Lgt. Armor Plating destroyed. 05155_ K-01 Serf cleans the Pressure Siphon. 05157_ K-01 Serf cleans the Nuclear Reactor. 05189_ K-01 Serf collects debris. 05189_ Sneak attack on W-25 Informer. 05189_ Destroyed Lgt. Deuterium Engine. 05189_ W-25 Informer destroyed. 05208_ Acquired 10 matter. 05213_ Penetrated by Slug. 05213_ Flight Unit destroyed. Map ----- +----------------------------------------------------+ | ???????????????????????????????????# =! !## | | ???????????????????????????????????# ## | | ???????????????????????????????????# ### | | ???????????????????????????????????# #?? | | ???????????????????????????????????# #?? | | ????????????????????????????? " # """ #?? | | ????????????????????????????? T # """ #?? | | ????????????????????????????? " # """ ### | | ????????????????????????????? # # | | ????????????????????????????? #####/## # | | ?????????????????????????????# #???# # | | ?????????????????????????????#######???# # | | ????????????????????????????#### ##????# # | | ????????????????????????????# #?#### # | | ????????????????????????????# "" #?# | | ????????????????????????????# "G #?# | | ????????????????????????????# ""%### | | ??????????????############### # | | ??????????????# # % + | | ?###########??# *g# # | | ?# [ ! #??# % % #g g # ##T###T | | ?# #??# """"" " """ +[g! # ####?## | | ?# """"""" #??# """"" """"g#[!! # #?????? | | ?# """"""" #??# """""= """" #[!! # ####### | | ?# """"""" ##########+############# | | ?# """"""" # @% h | | ?# "" "%"" # % | | ?# [ # #######+####################### | | ?######+#### #????=^ ???????????????# | | ????# ### #?? != ?????????????# """ | | ????# #?# ! #????????????# """ | | ????#= #?# #????????????# """ | | ????# ######?# """ "" #????????????# | | ????## ##??????# """ """ #????????????# """ | | ?????# #####???# """ S" #????????????# """ | | ?????# !!#???# #????????????# """ | | ?????# !!#???###########????????????# | | ?????# | #??????????????????????????#?#### | | ?????#### ||#???????????????????????????????? | | ????????# !!#???????????????????????????????? | | ????????# !!#???????????????????????????????? | | ????????#####???????????????????????????????? | | ????????????????????????????????????????????? | | ????????????????????????????????????????????? | | ????????????????????????????????????????????? | | | | | | | | | | | +----------------------------------------------------+ Best States ------------- Heat Dissipation 35 Energy Generation 14 Energy Capacity 375 Matter Stores 300 Matter Capacity 300 Sight Range 18 Terrain Scan Density 10 Armor Coverage 150 Evasion (%) 63 Recoil Reduction 2 Offensive Hacking 10 Defensive Hacking 10 Item Schematics ----------------- None Robot Schematics ------------------ None Fabricated ------------ Nothing Repaired ---------- EM Shotgun | 70% | -9/Materials Alien Tech Used ----------------- None Achievements -------------- GoHome() Slippery One Use The Force Challenges ------------ None Game ------ Seed CoolantHybridManipulator Manual? 0 Play Time 01:07:26 Cumulative 6.7 hours Start 2025.06.09 @ 10:21:37 End 2025.06.17 @ 16:37:56 Sessions 3 Manual Loads 0 Difficulty Rogue Special Mode None Game No. 7 Rogue 4 Adventurer 3 Explorer 0 Win Type - Total 0 Types 0/0/0/0/0/0/0/0/0/0 Lore% 10 Gallery% 12 Achievement% 15 Wizard Run 0 Options --------- Layout 1 ASCII 0 Keyboard 0 Movement Mouse Keybinds 0 Fullscreen 1 Font 24/Smallcaps Map View 50x35 Zoom Use 0% Tactical HUD 1 Map Filters NONE Filters NONE Steam 1 RUN: 383f7d3a-229f-475e-9894-60e1b4cd3aba